 Dungeon Crawl Stone Soup version 0.21.1-1-g345015f (webtiles) character file.

7911 vatarom the Zephyrmancer (level 11, -7/62 HPs)
             Began as a Tengu Air Elementalist on Apr 6, 2018.
             Was a Priest of Vehumet.
             Mangled by a skeletal warrior
             ... wielding a +0 halberd
             ... led by a skeletal warrior
              (20 damage)
             ... on level 10 of the Dungeon.
             The game lasted 00:28:51 (11715 turns).

vatarom the Zephyrmancer (Tengu Air Elementalist)  Turns: 11715, Time: 00:28:51

Health: -7/62      AC:  4    Str:  9    XL:     11   Next: 22%
Magic:  28/40      EV: 15    Int: 23    God:    Vehumet [***...]
Gold:   297        SH:  0    Dex: 16    Spells: 8/29 levels left

rFire    . . .     SeeInvis .   x - staff of power
rCold    . . .     Gourm    .   (no shield)
rNeg     + . .     Faith    .   E - +1 robe {MR+}
rPois    .         Spirit   .   (helmet restricted)
rElec    .         Reflect  .   (no cloak)
rCorr    +         Harm     .   w - +0 pair of gloves
MR       +....     Clarity  +   (boots unavailable)
Stlth    ++........             (no amulet)
HPRegen  0.20/turn              g - ring of resist corrosion
MPRegen  0.27/turn              y - ring of positive energy

@: flying quickly and evasively, quick
A: beak, talons 3, agile 1, clarity, clever 2, able to fly 1
a: Renounce Religion


You were on level 10 of the Dungeon.
You worshipped Vehumet.
Vehumet was most pleased with you.
You were hungry.

You visited 2 branches of the dungeon, and saw 12 of its levels.

You collected 687 gold pieces.
You spent 390 gold pieces at shops.

Inventory:

Hand Weapons
 k - a +0 lajatang
Armour
 w - a +0 pair of gloves (worn)
 E - a +1 robe of magic resistance (worn)
Magical Staves
 x - an uncursed staff of power (weapon)
Jewellery
 g - a ring of resist corrosion (left hand)
 y - a ring of positive energy (right hand)
 D - an uncursed ring of protection from magic {unknown}
Wands
 p - a wand of random effects (21)
 q - a wand of enslavement (13)
 v - a wand of digging (16)
Scrolls
 d - 2 scrolls of amnesia
 e - 5 scrolls of fog
 f - a scroll of blinking
 j - a scroll of fear
 l - 6 scrolls of magic mapping
 o - 6 scrolls of remove curse
 r - 3 scrolls of enchant armour
Potions
 a - 2 potions of lignification {unknown}
 b - a potion of resistance
 i - 2 potions of brilliance
 m - 3 potions of curing
 n - 2 potions of magic
 s - 2 potions of flight {unknown}
 t - a potion of might {unknown}
 u - 2 potions of heal wounds {unknown}
 z - a potion of cancellation {unknown}
 A - a potion of haste {unknown}
Books
 B - a book of Minor Magic

   Spells                             Type                      Level
   a - Magic Dart                     Conjuration                  1
   b - Blink                          Translocation                2
   c - Call Imp                       Summoning                    2
   d - Slow                           Hexes                        2
   e - Conjure Flame                  Conjuration/Fire             3
   f - Mephitic Cloud                 Conjuration/Poison/Air       3
Comestibles
 c - 18 rations


   Skills:
 - Level 4.5 Fighting
 - Level 2.1 Dodging
 - Level 2.0 Stealth
 * Level 9.5 Spellcasting
 + Level 9.7 Conjurations
 * Level 13.7 Air Magic


You had 8 spell levels left.
You knew the following spells:

 Your Spells              Type           Power        Failure   Level  Hunger
a - Shock                 Conj/Air       ####         1%          1    None
b - Swiftness             Chrm/Air       #####...     1%          2    None
c - Static Discharge      Conj/Air       ######..     1%          3    None
d - Airstrike             Air            ######....   1%          4    ##.....
e - Lightning Bolt        Conj/Air       ######....   1%          5    ####...
f - Summon Lightning Spi  Summ/Air       #####...     3%          4    ##.....
g - Blink                 Tloc           N/A          9%          2    None


Dungeon Overview and Level Annotations

Branches:
Dungeon (11/15)            Temple (1/1) D:7
   Lair: D:8-11         Orc: D:9-12

Altars:
Ashenzari
Cheibriados
Dithmenos
Elyvilon
Gozag
Hepliaklqana
Kikubaaqudgha
Makhleb
Nemelex Xobeh
Okawaru
Qazlal
Ru
Sif Muna
Trog
Uskayaw
Vehumet
Wu Jian
Xom
Yredelemnul
Zin
The Shining One

Shops:
D:7 *   D:9 [

Annotations:
D:2 1 runed door
D:3 Harpaggios's ghost, amateur DrTm


Innate Abilities, Weirdness & Mutations

You have a beak for a mouth.
You have claws for feet.
You can fly.
You are agile. (Dex +2)
You possess an exceptional clarity of mind.
Your mind is very acute. (Int +4)


Message History

Press: ? - help, Dir - move target cursor, f - skeletal warrior
Aim: a skeletal warrior, wielding a halberd (moderately damaged)
The air twists around and strikes the skeletal warrior!
The skeletal warrior is moderately damaged.
The hungry ghost misses you.
The skeletal warrior hits you from afar with a halberd!!
* * * LOW HITPOINT WARNING * * *
Casting: Airstrike
Confirm with . or Enter, or press ? or * to list all spells.
Aiming: Airstrike
Press: ? - help, Dir - move target cursor, f/p - skeletal warrior
Aim: a skeletal warrior, wielding a halberd (lightly damaged)
Okay, then.
Found 18 arrows.
You swoop lightly up into the air.
You feel very comfortable in the air.
You feel somewhat more hungry. The hungry ghost hits you.
* * * LOW HITPOINT WARNING * * *
You are feeling hungry.
The skeletal warrior hits you from afar with a halberd!!
You die...

................
....................#
....................#
....................#
....................#
....................#
....[....######.....#
#####+#..# #.....# #
#..# #@...# # +..#
#W.### #
#..#######z.# #
##...........# #
#...#####....# #
#...# #........
######...# #........#
.........# #........#
.8.......# #.....(..#


You could see a skeletal warrior and a hungry ghost.

Vanquished Creatures
  Erica (D:9)
  2 two-headed ogres (D:9)
  A centaur zombie (D:10)
  Psyche (D:9)
  Prince Ribbit (D:5)
  2 hippogriffs
  Sigmund (D:5)
  A spriggan (D:7)
  A wraith (D:10)
  Eustachio (D:6)
  A hungry ghost (D:7)
  Menkaure (D:4)
  An orc warrior (D:8)
  An ice beast (D:7)
  2 sky beasts
  A black bear (D:7)
  A necrophage (D:9)
  3 ogres
  A phantom (D:5)
  5 centaurs
  A big kobold (D:7)
  5 bullfrogs
  Blork the orc (D:6)
  A scorpion (D:8)
  6 killer bees
  A wight (D:8)
  5 howler monkeys
  A crimson imp (D:5)
  A quasit (D:6)
  2 bullfrog zombies
  4 orc priests
  A hound (D:7)
  6 orc wizards
  6 worker ants
  2 iguanas
  2 killer bee zombies
  A hound zombie (D:8)
  2 worker ant zombies
  A howler monkey zombie (D:9)
  9 adders
  4 gnolls (D:5)
  3 oozes
  An adder skeleton (D:10)
  3 worms (D:4)
  4 dart slugs
  4 leopard geckos
  23 orcs
  A ball python (D:3)
  3 giant cockroaches (D:2)
  6 goblins
  5 hobgoblins
  5 jackals
  6 quokkas
  7 bats
  7 frilled lizards
  A jackal skeleton (D:4)
  10 kobolds
  A leopard gecko zombie (D:8)
  A quokka skeleton (D:4)
  7 rats
189 creatures vanquished.

Vanquished Creatures (collateral kills)
  2 two-headed ogres (D:8)
  A centaur skeleton (D:10)
  A soldier ant (D:10)
  A phantom (D:8)
  An ice beast (D:8)
  A necrophage (D:9)
  A bullfrog (D:9)
  A scorpion (D:9)
  4 wights (D:8)
  A centaur zombie (D:9)
  An orc priest (D:7)
  An orc wizard (D:8)
  2 worker ants
  A worker ant zombie (D:8)
  An adder (D:8)
  3 gnolls (D:7)
  12 orcs
  2 jackals (D:9)
37 creatures vanquished.

Vanquished Creatures (others)
  An orc wizard (D:8)
1 creature vanquished.

Grand Total: 227 creatures vanquished

Notes
Turn   | Place    | Note
-------+----------+-------------------------------------------
     0 | D:1      | vatarom the Tengu Air Elementalist began the quest for the Orb.
     0 | D:1      | Reached XP level 1. HP: 10/10 MP: 4/4
   172 | D:1      | Reached XP level 2. HP: 13/15 MP: 0/6
   684 | D:1      | Learned a level 2 spell: Swiftness
   844 | D:2      | Reached XP level 3. HP: 20/20 MP: 3/7
   849 | D:2      | Learned a level 3 spell: Static Discharge
   986 | D:2      | Found a hazy altar of Hepliaklqana.
  1050 | D:2      | Reached skill level 5 in Air Magic
  1417 | D:2      | Reached skill level 1 in Fighting
  1520 | D:2      | Found a white marble altar of Elyvilon.
  1520 | D:2      | Found a glowing silver altar of Zin.
  1520 | D:2      | Found a glowing golden altar of the Shining One.
  1626 | D:2      | Found a runed door.
  2378 | D:3      | Reached XP level 4. HP: 22/25 MP: 6/8
  2681 | D:3      | Noticed Harpaggios's ghost (amateur DrTm)
  2738 | D:3      | Found an ancient bone altar of Kikubaaqudgha.
  2859 | D:3      | Gained mutation: You can fly. [Tengu growth]
  2859 | D:3      | Reached XP level 5. HP: 24/29 MP: 2/10
  3751 | D:4      | Reached skill level 6 in Air Magic
  4042 | D:4      | Got a dazzling rapier
  4043 | D:4      | Identified the cursed +0 rapier "Xaptalol" {freeze, rF+ rC+ MR+} (You found it on level 4 of the Dungeon)
  4197 | D:4      | Learned a level 4 spell: Airstrike
  4250 | D:4      | Reached XP level 6. HP: 35/35 MP: 6/11
  4420 | D:4      | Noticed Menkaure
  4425 | D:4      | Killed Menkaure
  4425 | D:4      | Reached skill level 7 in Air Magic
  4701 | D:4      | Found a snail-covered altar of Cheibriados.
  5049 | D:4      | Gained mutation: You possess an exceptional clarity of mind. [potion of mutation]
  5049 | D:4      | Gained mutation: Your mind is acute. (Int +2) [potion of mutation]
  5049 | D:4      | Gained mutation: You are agile. (Dex +2) [potion of mutation]
  5049 | D:4      | Gained mutation: Your mind is very acute. (Int +4) [potion of mutation]
  5148 | D:4      | Reached XP level 7. HP: 40/40 MP: 4/13
  5238 | D:5      | Entered Level 5 of the Dungeon
  5483 | D:5      | Found a sparkling altar of Nemelex Xobeh.
  6098 | D:5      | Noticed Prince Ribbit
  6264 | D:5      | Killed Prince Ribbit
  6264 | D:5      | Reached skill level 5 in Conjurations
  6264 | D:5      | Reached skill level 8 in Air Magic
  6264 | D:5      | Reached XP level 8. HP: 32/46 MP: 2/15
  6500 | D:5      | Found a radiant altar of Vehumet.
  6500 | D:5      | Noticed Sigmund
  6503 | D:5      | Killed Sigmund
  6512 | D:5      | Became a worshipper of Vehumet
  6731 | D:6      | Noticed Eustachio
  6745 | D:6      | Killed Eustachio
  6745 | D:6      | Reached skill level 5 in Spellcasting
  6745 | D:6      | Reached skill level 9 in Air Magic
  7010 | D:6      | Got a slimy scale mail
  7011 | D:6      | Identified the cursed +0 scale mail of the Thistle {rPois Slay+2} (You found it on level 6 of the Dungeon)
  7037 | D:6      | Noticed Blork the orc
  7165 | D:6      | Learned a level 5 spell: Lightning Bolt
  7180 | D:6      | Killed Blork the orc
  7302 | D:6      | Found a deep blue altar of Sif Muna.
  7447 | D:6      | Reached XP level 9. HP: 31/52 MP: 18/18
  7537 | D:6      | Found an opulent altar of Gozag.
  7765 | D:7      | Reached skill level 10 in Air Magic
  7810 | D:7      | Found a shadowy altar of Dithmenos.
  7890 | D:7      | Found a stormy altar of Qazlal.
  8009 | D:7      | Reached * piety under Vehumet
  8009 | D:7      | Offered knowledge of Flame Tongue by Vehumet.
  8329 | D:7      | Found Liuran's General Store.
  8422 | D:7      | Bought a book of Callings for 390 gold pieces
  8463 | D:7      | Learned a level 4 spell: Summon Lightning Spire
  8494 | D:7      | Found a staircase to the Ecumenical Temple.
  8525 | Temple   | Entered the Ecumenical Temple
  8819 | D:7      | Found an iron altar of Okawaru.
  8867 | D:7      | Reached skill level 11 in Air Magic
  9312 | D:8      | Reached ** piety under Vehumet
  9314 | D:8      | Offered knowledge of Magic Dart by Vehumet.
  9333 | D:8      | Noticed a two-headed ogre
  9457 | D:8      | Reached XP level 10. HP: 58/58 MP: 22/22
  9661 | D:8      | Noticed a two-headed ogre
  9669 | D:8      | Killed a two-headed ogre
  9721 | D:8      | Reached skill level 12 in Air Magic
  9800 | D:8      | Offered knowledge of Ignite Poison by Vehumet.
  9890 | D:8      | Killed a two-headed ogre
 10485 | D:9      | Noticed Erica
 10493 | D:9      | Killed Erica
 10493 | D:9      | Reached *** piety under Vehumet
 10496 | D:9      | Noticed a two-headed ogre
 10522 | D:9      | Killed a two-headed ogre
 10522 | D:9      | Reached skill level 13 in Air Magic
 10610 | D:9      | Noticed a two-headed ogre
 10638 | D:9      | Killed a two-headed ogre
 10638 | D:9      | Reached XP level 11. HP: 43/62 MP: 19/25
 10820 | D:9      | Noticed Psyche
 10836 | D:9      | Killed Psyche
 10995 | D:9      | Found Qepoavot's Armour Shop.
 11358 | D:9      | Identified a scroll of acquirement
 11363 | D:9      | Learned a level 2 spell: Blink
 11393 | D:10     | Entered Level 10 of the Dungeon
 11666 | D:11     | Noticed a six-headed hydra
 11670 | D:10     | Noticed a skeletal warrior
 11670 | D:10     | Noticed a skeletal warrior
 11670 | D:10     | Noticed a skeletal warrior
 11715 | D:10     | Mangled by a skeletal warrior

Skill      XL: |  1  2  3  4  5  6  7  8  9 10 |
---------------+-------------------------------+-----
Conjurations   | 2 3 4 5 6 7 9 |  9.7
Air Magic      | 5 6 7 8 9 11 13 | 13.7
Fighting       | 1 2 3 4 |  4.5
Spellcasting   | 3 4 5 7 9 |  9.5
Dodging        | |  2.1
Stealth        | |  2.0

Action                   |  1- 3 |  4- 6 |  7- 9 | 10-12 || total
-------------------------+-------+-------+-------+-------++-------
Melee: Unarmed           |    14 |       |       |       ||    14
       Peck              |     4 |     6 |     9 |     2 ||    21
       Kick              |     9 |     2 |    13 |     6 ||    30
       Lajatang          |    26 |    40 |    31 |       ||    97
       Dagger            |     2 |       |       |       ||     2
       Staff             |       |       |     7 |    13 ||    20
 Cast: Shock             |    63 |    80 |    92 |     9 ||   244
       Static Discharge  |       |     9 |    16 |    15 ||    40
       Swiftness         |       |     2 |       |       ||     2
       Airstrike         |       |     3 |    64 |    52 ||   119
       Summon Lightning  |       |       |     9 |    25 ||    34
 Abil: Fly               |       |     1 |     1 |     1 ||     3
Evoke: Wand              |       |       |     2 |       ||     2
  Use: Scroll            |     7 |     6 |     6 |     4 ||    23
       Potion            |       |     3 |     3 |       ||     6
  Eat: Chunk             |     3 |     3 |     7 |     2 ||    15
       Ration            |     1 |     2 |     5 |     2 ||    10
Armor: Robe              |    14 |    19 |    24 |     6 ||    63
Dodge: Dodged            |    42 |    56 |    73 |    33 ||   204
